[Event "Team 45 45 League T75"]
[Site "Internet Chess Club"]
[Date "2018.02.11"]
[Round "8"]
[White "smsxman"]
[Black "guyd52"]
[Result "1/2-1/2"]
[WhiteElo "1401"]
[BlackElo "1278"]
[Opening "Pirc: classical system, 5.Be2"]
[ECO "B08"]
[Time "09:00:23"]
[TimeControl "2700+45"]

1. e4 d6 2. d4 Nf6 3. Nc3 g6 4. Nf3 Bg7 5. Be2 Nbd7 6. O-O O-O 7. Re1 c6 8. Bd3
e5 9. dxe5 Nxe5 10. Bg5 Bg4 11. Be2 Qe8 12. Bxf6 Bxf6 13. Qxd6 Nxf3+ 14. Bxf3
Bxc3 15. bxc3 Bxf3 16. gxf3 Rd8 17. Qg3 Rd2 18. Rec1 Qe7 19. Qf4 Rfd8 20. e5 Qc5
21. Qe3 Qxe3 22. fxe3 Re2 23. Rab1 Rdd2 {Game drawn by mutual agreement} 1/2-1/2